 Dungeon Crawl Stone Soup version 0.23-a0-303-gfcac5de (webtiles) character file.

19 galech the Skirmisher (level 2, 24/24 HPs)
             Began as a Demonspawn Fighter on Oct 8, 2018.
             Quit the game on level 1 of the Dungeon.
             The game lasted 00:00:43 (495 turns).

galech the Skirmisher (Demonspawn Fighter)           Turns: 495, Time: 00:00:43

Health: 24/24      AC:  6    Str: 16    XL:     2   Next: 55%
Magic:  2/2        EV:  6    Int:  9    God:
Gold:   61         SH:  8    Dex: 12    Spells: 1/1 levels left

rFire    . . .     SeeInvis .   a - +0 war axe
rCold    . . .     Gourm    .   c - +0 shield
rNeg     . . .     Faith    .   b - +0 scale mail
rPois    .         Spirit   .   (helmet restricted)
rElec    .         Reflect  .   (no cloak)
rCorr    .         Harm     .   (no gloves)
MR       .....                  (no boots)
Stlth    ..........             k - amulet of regeneration
HPRegen  0.48/turn              (no ring)
MPRegen  0.08/turn              (no ring)

@: drained
A: antennae 1
a: no special abilities


You were on level 1 of the Dungeon.
You were not hungry.

You visited 1 branch of the dungeon, and saw 1 of its levels.

You collected 61 gold pieces.

Inventory:

Hand Weapons
 a - a +0 war axe (weapon)
Armour
 b - a +0 scale mail (worn)
 c - a +0 shield (worn)
Jewellery
 k - an amulet of regeneration (around neck)
Scrolls
 e - 2 scrolls of fog {unknown}
 h - 3 scrolls of identify {unknown}
 i - a scroll of magic mapping {unknown}
 j - a scroll of amnesia {unknown}
 l - 2 scrolls of remove curse {unknown}
 n - a scroll of enchant weapon {unknown}
Potions
 d - a potion of might
 m - 2 potions of lignification {unknown}
Comestibles
 f - 3 rations
 g - 4 chunks of flesh


   Skills:
 + Level 3.2(2.8) Fighting
 + Level 2.3(1.9) Axes
 + Level 2.8(2.5) Armour
 + Level 2.9(2.5) Shields


You had one spell level left.
You didn't know any spells.
Your spell library was empty.

Dungeon Overview and Level Annotations

Branches:
Dungeon (1/15)

Altars:


Innate Abilities, Weirdness & Mutations

You have a pair of small antennae on your head.


Message History

You closely miss the giant cockroach.
The giant cockroach is severely wounded.
You block the giant cockroach's attack. The giant cockroach closely misses you.
You slash the giant cockroach!
You kill the giant cockroach!
No target in view!
No target in view!
No target in view!
You see here a giant cockroach corpse.
You butcher the giant cockroach corpse.
Some of the chunks of flesh in your inventory have rotted away.
g - 4 chunks of flesh (gained 2)
You see here a stone.
You see here a stone.
You see here a stone.
You see here 19 arrows.
You see here a kobold corpse.
You see here a club.
The kobold is too close now for your liking.
Are you sure you want to abandon this character and quit the game? (Confirm

#.....#..##.#........##..########
##..............(....###.#
##...#.##..............#.#
#......###...#.....###...#
................#..# ##.(#
...................# #..####
..÷............#...####.....#####
.(÷......K)....#.....#....(.....#
.............)..@..#.#..........#
...........##.........)†........#
...........###.#...###..........#
...........###.##### #..........#
...............# #..........#
###........##### #..>.......#
#........# #..........#
########## #..........#
############


You could see a kobold (wandering).

Vanquished Creatures
  3 giant cockroaches (D:1)
  3 hobgoblins (D:1)
  A ball python (D:1)
  3 bats (D:1)
  2 frilled lizards (D:1)
  2 goblins (D:1)
  4 kobolds (D:1)
  2 rats (D:1)
20 creatures vanquished.

Notes
Turn   | Place    | Note
-------+----------+-------------------------------------------
     0 | D:1      | galech the Demonspawn Fighter began the quest for the Orb.
     0 | D:1      | Reached XP level 1. HP: 18/18 MP: 1/1
   147 | D:1      | Gained mutation: You have a pair of small antennae on your
                  | head. [demonic ancestry]
   147 | D:1      | Reached XP level 2. HP: 23/24 MP: 2/2
   495 | D:1      | Quit the game

Vault maps used:
D:1:      mainiacjoe_arrival_reflecting_pool, feat_on_display

Skill      XL: |  1 |
---------------+----+-----
Axes           | 2 |  2.3
Fighting       | |  3.2
Armour         | |  2.8
Shields        | |  2.9

Action                   || total
-------------------------++-------
Melee: War axe           ||    49
Armor: Scale mail        ||    32
Dodge: Dodged            ||    18
Block: Shield            ||    27

Table legend:
 A = Non-vault XP
 B = Vault XP
 C = Vault XP percentage of total XP
 D = Non-vault monster count
 E = Vault monster count
 F = Vault count percentage of total count
                 A         B        C        D         E       F
            +---------+---------+-------+---------+---------+-------
      Total |      28 |       0 |   0.0 |      20 |       0 |   0.0
            +---------+---------+-------+---------+---------+-------
        D:1 |      28 |       0 |   0.0 |      20 |       0 |   0.0
            +---------+---------+-------+---------+---------+-------
